 Dungeon Crawl Stone Soup version 0.31-a0-263-ge8cad7f256 (webtiles) character file.

Game seed: 325961862744863641

10 qw the Shooter (level 2, -2/23 HPs)
             Began as a Minotaur Hexslinger on July 13, 2023.
             Slain by a gnoll
             ... wielding a +0 club
              (3 damage)
             ... on level 1 of the Dungeon.
             The game lasted 00:00:04 (386 turns).

qw the Shooter (Minotaur Hexslinger)                 Turns: 386, Time: 00:00:05

Health: -2/23      AC:  2    Str: 12    XL:     2   Next: 10%
Magic:  2/2        EV: 12    Int: 10    God:
Gold:   33         SH:  0    Dex: 12    Spells: 2/3 levels left

rFire   . . .        a - +1 sling
rCold   . . .        (no shield)
rNeg    . . .        c - +0 robe
rPois   .            (helmet restricted)
rElec   .            (no cloak)
rCorr   .            (no gloves)
SInv    .            (no boots)
Will    .....        (no amulet)
Stlth   +            (no ring)
HPRegen 0.23/turn    (no ring)
MPRegen 0.08/turn

%: no passive effects
@: no status effects
A: horns 2, retaliatory headbutt
a: no special abilities


You were on level 1 of the Dungeon.
You visited 1 branch of the dungeon, and saw 1 of its levels.

You collected 33 gold pieces.


Innate Abilities, Weirdness & Mutations

You have a pair of horns on your head.
You reflexively headbutt those who attack you in melee.


   Skills:
 + Level 1.5 Fighting
 - Level 3.0 Ranged Weapons
 - Level 2.1 Dodging
 - Level 1.0 Spellcasting
 - Level 2.0 Hexes


You had 2 spell levels left.
You knew the following spells:

 Your Spells              Type           Power      Damage    Failure   Level
a - Slow                  Hex            16%        N/A       16%         1

Your spell library contained the following spells:

 Spells                   Type           Power      Damage    Failure   Level
 Inner Flame              Hex/Fire       2%         N/A       56%         3
 Portal Projectile        Hex/Tloc       4%         N/A       56%         3
 Cause Fear               Hex            2%         N/A       83%         4

Inventory:

Hand Weapons
 a - a +1 sling (weapon)
Armour
 c - a +0 robe (worn)
Scrolls
 b - a scroll of poison
 e - a scroll of identify {unknown}
 f - a scroll of enchant weapon {unknown}
 g - a scroll of fear {unknown}
Potions
 d - 2 potions of curing {unknown}

Dungeon Overview and Level Annotations

Branches:
Dungeon (1/15)

Altars:


Message History

Enter note: You shoot a sling bullet.
The sling bullet hits the hobgoblin.
You kill the hobgoblin!
You have reached level 2!
Found a mace.
Enter note:
Enter note:
g - a scroll labelled KUNOMI BICSIU
Enter note:
Enter note: A hobgoblin comes into view.
The hobgoblin moves out of view.
Enter note:
Enter note: A hobgoblin is nearby!
Enter note:
Enter note: You shoot a sling bullet.
The sling bullet barely misses the hobgoblin.
A gnoll comes into view. It is wielding a +0 club.
You shoot a sling bullet.
The sling bullet closely misses the gnoll.
You shoot a sling bullet. The sling bullet hits the hobgoblin.
You kill the hobgoblin!
You shoot a sling bullet.
The sling bullet hits the gnoll but does no damage.
The gnoll hits you with a +0 club. x2
You shoot a sling bullet.
The sling bullet barely misses the gnoll.
The gnoll closely misses you.
You shoot a sling bullet.
The sling bullet barely misses the gnoll.
The gnoll hits you with a +0 club!
You shoot a sling bullet.
The sling bullet closely misses the gnoll.
The gnoll hits you with a +0 club.
You shoot a sling bullet. The sling bullet hits the gnoll.
The gnoll is moderately wounded.
The gnoll hits you with a +0 club. x2
You die...

#... #..# #..# #..# # #
#..# #####.#########..#
##### ....).g@.....##..#
#....
.................###.###
###..#######............
#. #.........##. #
#..#.........
.....#########. ###.##
## #.# ###############.#


You could see a gnoll.

Vanquished Creatures
  2 bats (D:1)
  A giant cockroach (D:1)
  2 hobgoblins (D:1)
  A kobold (D:1)
  A quokka (D:1)
  A frilled lizard (D:1)
  A rat (D:1)
9 creatures vanquished.

Notes
Turn   | Place    | Note
-------+----------+-------------------------------------------
     0 | D:1      | qw the Minotaur Hexslinger began the quest for the Orb.
     0 | D:1      | Reached XP level 1. HP: 16/16 MP: 1/1
     0 | D:1      | 0 ||| qw: Version: 0.3-a-52-g30416fa
     0 | D:1      | 0 ||| qw: Game counter: 7181
     0 | D:1      | 0 ||| qw: Melee chars always use a shield: true
     0 | D:1      | 0 ||| qw: God list: Okawaru
     0 | D:1      | 0 ||| qw: Allow faded altars: false
     0 | D:1      | 0 ||| qw: Do Orc after clearing Dungeon:15 true
     0 | D:1      | 0 ||| qw: Do second Lair branch before Depths: true
     0 | D:1      | 0 ||| qw: Lair rune preference: random
     0 | D:1      | 0 ||| qw: Goals: Normal
     0 | D:1      | 0 ||| PLANNING D:1-11
   225 | D:1      | Reached skill level 3 in Ranged Weapons
   359 | D:1      | Reached XP level 2. HP: 23/23 MP: 2/2
   386 | D:1      | HP: 1/23 [gnoll/+0 club (5)]
   386 | D:1      | Slain by a gnoll

Levels and vault maps discovered:
D:1:      dpeg_arrival_three_smaller_balls, layout_loops_ring

Skill      XL: |  1 |
---------------+----+-----
Ranged Weapons | 3 |  3.0
Fighting       | |  1.5
Dodging        | |  2.1
Spellcasting   | |  1.0
Hexes          | |  2.0

Action                     || total
---------------------------++-------
   Fire: Sling             ||    20
 Armour: Robe              ||     3
  Dodge: Dodged            ||     5

Table legend:
 A = Non-vault XP
 B = Vault XP
 C = Vault XP percentage of total XP
 D = Non-vault monster count
 E = Vault monster count
 F = Vault count percentage of total count
                 A         B        C        D         E       F
            +---------+---------+-------+---------+---------+-------
      Total |      15 |       0 |   0.0 |       9 |       0 |   0.0
            +---------+---------+-------+---------+---------+-------
        D:1 |      15 |       0 |   0.0 |       9 |       0 |   0.0
            +---------+---------+-------+---------+---------+-------
